Cogmind - Beta 16.1 @@@ ROGUE MODE // 2026.02.14 @ 22:04:24 Player: Edirash Result: Destroyed by L-31 Rogue with Katana Performance ------------- Evolutions (1) 500 Regions Visited (3) 600 Robots Destroyed (36) 180 Value Destroyed (1066) 1066 Prototype IDs (5) 100 Alien Tech Used (0) 0 Bonus (201) 201 TOTAL SCORE: 2647 Bonus ------- Follower Combat Kills 201 Cogmind --------- Core Integrity 0/400 Matter 261/300 Energy 179/265 System Corruption 1% Temperature Cool (97) Movement Treading (160) Location -9/Storage Parts ------- > --- POWER (1) -------- Improved Ion Engine > --- PROPULSION (4) --- Light Treads > --- UTILITY (2) ------ (None) > --- WEAPON (2) ------- Improved Assault Rifle > --- INVENTORY (5) ---- Improved Ion Engine Light Nuclear Core ECM Suite Peak State ------------ > --- POWER ------------ Reinforced Ion Engine > --- PROPULSION ------- Light Treads Aluminum Leg > --- UTILITY ---------- Medium Armor Plating Drone Bay > --- WEAPON ----------- Beam Rifle Particle Gun > --- INVENTORY -------- Improved Ion Engine Light Nuclear Core ECM Suite Improved Assault Rifle Improved Assault Rifle [Rating: 16] Favorites ----------- Power Reinforced Ion Engine Engine Reinforced Ion Engine Propulsion Aluminum Leg Treads Light Treads Leg Aluminum Leg Utility ECM Suite Device ECM Suite Storage Large Matter Pod Processor Visual Processing Unit Protection Medium Armor Plating Weapon Small Laser Energy Gun Small Laser Ballistic Gun Assault Rifle Build | -11 -10 -9 -9 ------- Run | Yrd Mat Mat Sto Slots Evolved 2 | . . 2 . Power . | . . . . Propulsion 2 | . . 2 . Utility . | . . . . Weapon . | . . . . Parts Attached 36 | 5 14 9 8 Power 5 | 1 2 1 1 Engine 5 | 1 2 1 1 Core . | . . . . Reactor . | . . . . Propulsion 14 | 2 3 6 3 Treads 2 | . . . 2 Leg 12 | 2 3 6 1 Wheel . | . . . . Hover . | . . . . Flight . | . . . . Utility 9 | . 7 . 2 Device 4 | . 3 . 1 Storage 2 | . 2 . . Processor 1 | . 1 . . Hackware . | . . . . Protection 2 | . 1 . 1 Artifact . | . . . . Weapon 8 | 2 2 2 2 Energy Gun 5 | . 2 2 1 Energy Cannon . | . . . . Ballistic Gun 3 | 2 . . 1 Ballistic Cannon . | . . . . Launcher . | . . . . Special Weapon . | . . . . Impact Weapon . | . . . . Slashing Weapon . | . . . . Piercing Weapon . | . . . . Special Melee Weapon . | . . . . Unidentified Prototypes 1 | . . . 1 Parts Lost 16 | . 1 3 12 Power 1 | . . . 1 Propulsion 6 | . . 2 4 Utility 4 | . 1 . 3 Weapon 5 | . . 1 4 Highest Loss Streak 8 | . 1 1 8 To Critical Strikes . | . . . . Average Backups 3 | . 4 4 4 Power . | . . . 1 Propulsion . | . 1 . . Utility . | . 1 1 . Weapon 1 | . 1 2 2 Tool/Special . | . . . . Unused Backups 8 | . 1 3 4 Power 2 | . . 1 1 Propulsion . | . . . . Utility 2 | . . 2 . Weapon 4 | . 1 . 3 Tool/Special . | . . . . Average Slot Usage (%) 85 | . 96 95 64 Engine 11 | . 14 11 10 Treads 2 | . . . 7 Leg 23 | . 28 39 4 Device 16 | . 13 22 13 Storage 1 | . 5 . . Protection 4 | . 5 . 7 Energy Gun 22 | . 24 22 20 Ballistic Gun 1 | . 3 . . Peak Build Rating 16 | 5 9 14 16 Average Rating 10 | 3 7 12 12 On Entrance 6 | . 5 9 13 Avg Prop Armor Cover (%) 11 | . . 11 . Naked Turns . | . . . . Heaviest Build 29 | 7 13 19 29 Greatest Support 40 | 20 20 40 20 Greatest Overweight (x) 5 | . . 5 5 Average Overweight (x) . | . . . . Largest Inventory Capacity 5 | 5 5 5 5 Average Capacity 5 | 5 5 5 5 Most Carried 5 | 2 5 5 5 Average Carried 3 | . 4 4 4 Final Capacity 5 | 5 5 5 5 Final Carried 5 | 1 4 5 3 Class Distribution -------------------- 52% | Mutant 33% | Scavenger-Mutant 13% | Commander-Mutant Dominant Class ---------------- Mutant | -10/Materials Scavenger-Mutant | -9/Materials Scavenger-Mutant | -9/Storage Resources | -11 -10 -9 -9 ----------- Run | Yrd Mat Mat Sto Matter Collected 881 | 207 270 267 137 Remotely . | . . . . Salvage Created 1354 | 34 270 692 358 Parts 76 | 2 16 38 20 Haulers Intercepted 1 | . . 1 . Recyclers Shooed 1 | . . 1 . Parts Field Recycled . | . . . . Retrieved Matter . | . . . . Parts Self-Destructed . | . . . . Prevented . | . . . . Parts Restored . | . . . . Kills | -11 -10 -9 -9 ------- Run | Yrd Mat Mat Sto Combat Hostiles Destroyed 32 | 1 7 16 8 Guns 32 | 1 7 16 8 Classes Destroyed 6 | 1 2 3 . Hauler 1 | . . 1 . Watcher 3 | . 2 1 . Swarmer 7 | . 3 4 . Grunt 19 | 1 4 8 6 Brawler 1 | . . 1 . Sentry 5 | . . 3 2 Best Kill Streak 8 | 1 3 8 4 Combat Bots Only 7 | 1 3 7 4 Max Kills in Single Turn 1 | 1 1 1 1 Gunslinging . | . . . . Exploded . | . . . . Melee . | . . . . Uniques/NPCs Destroyed . | . . . . Combat | -11 -10 -9 -9 -------- Run | Yrd Mat Mat Sto Hostile Shots Fired 258 | 4 53 100 101 Missed 70 | 1 14 39 16 Hits 188 | 3 39 61 85 Melee 2 | . . . 2 Projectile 186 | 3 39 61 83 Critical Strikes 5 | . . 2 3 Damage Taken 2276 | 34 482 639 1121 Core 513 | 22 80 97 314 Absorbed by Shields . | . . . . Regen/Repaired (Parts) 5 | . 5 . . Core Remaining (%) 75 | 91 59 . . Volleys Fired 116 | 3 29 43 41 Largest 2 | 2 2 2 2 Hottest 121 | 40 80 96 121 Shots Fired 208 | 6 58 85 59 Gun 208 | 6 58 85 59 Cannon . | . . . . Launcher . | . . . . Special . | . . . . Kinetic 15 | 6 . . 9 Thermal 193 | . 58 85 50 Explosive . | . . . . Electromagnetic . | . . . . Robot Hit Streak 14 | 2 7 9 14 Robot Miss Streak 4 | 2 4 3 2 Penetration Max . | . . . . Secondary Targets 1 | . 1 . . Max Gunslinging Chain 1 | . 1 . . Shots Hit Robots 142 | 3 36 58 45 Core Hits 62 | 2 15 30 15 Critical Kills . | . . . . Critical Parts Destroyed . | . . . . Critical Strikes 7 | . . 3 4 Burn 7 | . . 3 4 Melee Attacks . | . . . . Impact . | . . . . Slashing . | . . . . Piercing . | . . . . Sneak Attacks . | . . . . Combat Hostiles . | . . . . Follow-up Attacks . | . . . . Damage Inflicted 1918 | 34 396 812 676 Guns 1903 | 34 392 805 672 Cannons . | . . . . Explosions . | . . . . Melee . | . . . . Ramming 15 | . 4 7 4 Kinetic 176 | 34 . . 142 Thermal 1727 | . 392 805 530 Explosive . | . . . . Electromagnetic . | . . . . Impact . | . . . . Slashing . | . . . . Piercing . | . . . . Highest Corruption 1 | . . . 1 Average Corruption 1 | . . . 1 Corruption Purged . | . . . . Corruption Blocked . | . . . . Effects 6 | . . . 6 Message Errors 1 | . . . 1 Matter Fused 4 | . . . 4 Data Loss (minor) 1 | . . . 1 Overload Shots . | . . . . Overflow Damage . | . . . . Projectiles . | . . . . Explosions . | . . . . Melee . | . . . . Knockbacks . | . . . . Impact . | . . . . Kinetic . | . . . . Secondary . | . . . . Self-Inflicted Damage . | . . . . Shots . | . . . . Rammed 1 | . . . 1 Targets Rammed 5 | . 1 2 2 Kicked 4 | . 1 2 1 Crushed . | . . . . Highest Temperature 567 | . 310 95 567 Average Temperature 159 | . 112 31 259 Received Heat Transfer 1014 | 18 231 264 501 Effects 17 | . 2 . 15 Shutdowns 3 | . . . 3 Energy Bleed 3 | . 2 . 1 Interference 1 | . . . 1 Matter Decay 1 | . . . 1 Short Circuit 1 | . . . 1 Damage (minor) 2 | . . . 2 Damage (major) 6 | . . . 6 Siege Activations . | . . . . Martial Activations . | . . . . Shielding Activations . | . . . . Robots Disrupted . | . . . . Combat Hostiles . | . . . . Robots Corrupted . | . . . . Combat Hostiles . | . . . . Parts Fried . | . . . . Impact Corruptions . | . . . . Robots Melted . | . . . . Combat Hostiles . | . . . . Parts Melted 12 | . . 6 6 Heat Transferred 4682 | . 875 2179 1628 Parts Sabotaged . | . . . . Parts Stolen . | . . . . Parts Stripped . | . . . . Power Chain Reactions . | . . . . Alert | -11 -10 -9 -9 ------- Run | Yrd Mat Mat Sto Maximum Alert Level 1 | . . 1 1 Low Security (%) 92 | 100 100 75 98 Level 1 7 | . . 24 1 Level 2 . | . . . . Level 3 . | . . . . Level 4 . | . . . . Level 5 . | . . . . High Security . | . . . . Max Security . | . . . . Peak Influence 237 | 20 77 237 201 Initial 87 | . 13 . 87 Average 65 | 1 19 125 70 Influence Increases 1217 | 20 186 437 574 Destroy 0b10 Robot/C 780 | 20 140 320 300 Destroy 0b10 Robot/NC 20 | . 10 10 . Destroy Leader 228 | . 34 94 100 Allied During Kill 94 | . . . 94 Successful Hack 19 | . 2 12 5 Destroy Structure 1 | . . 1 . Lose Combat Pursuer 75 | . . . 75 Influence Decreases 1160 | . 206 228 726 Entered New Map 129 | . 7 . 122 Time Decay 633 | . 189 198 246 Lost Part 160 | . 10 30 120 Lost Ally 238 | . . . 238 Squads Dispatched 10 | . 1 3 6 Investigation 2 | . . 1 1 Extermination . | . . . . Reinforcement 6 | . 1 2 3 Assault . | . . . . Garrison 2 | . . . 2 Intercept . | . . . . Searches Triggered . | . . . . Construction Impeded . | . . . . Haulers Reinforced . | . . . . Active Scanning Responses . | . . . . Cargo Convoy Interrupts . | . . . . Stealth | -11 -10 -9 -9 --------- Run | Yrd Mat Mat Sto Distress Signals 7 | . 1 2 4 Communications Jammed . | . . . . Distress Signals . | . . . . Times Spotted 73 | 1 16 33 23 Peak Tracking Total 7 | 1 4 7 7 Tactical Retreats 8 | . 1 4 3 ECM-based Alert Blocks 13 | . 2 10 1 Traps | -11 -10 -9 -9 ------- Run | Yrd Mat Mat Sto Traps Triggered 2 | . 1 . 1 Indirectly . | . . . . Trap Hack Attempts . | . . . . Triggered . | . . . . Disarmed . | . . . . Reprogrammed . | . . . . Reused . | . . . . Traps Extracted . | . . . . Installed . | . . . . Triggered . | . . . . Machines | -11 -10 -9 -9 ---------- Run | Yrd Mat Mat Sto Machines Disabled . | . . . . Max in Single Turn . | . . . . Machines Repaired . | . . . . Machines Dismantled . | . . . . Machines Sabotaged . | . . . . Overloaded Fab Kills . | . . . . Hacking | -11 -10 -9 -9 --------- Run | Yrd Mat Mat Sto Machines Accessed 13 | . 3 5 5 Terminals 8 | . 1 3 4 Fabricators . | . . . . Repair Stations 1 | . 1 . . Recycling Units 3 | . 1 1 1 Scanalyzers 1 | . . 1 . Garrison Access . | . . . . Total Hacks 40 | . 6 20 14 Successful 26 | . 2 15 9 Failed 14 | . 4 5 5 Catastrophic 1 | . 1 . . Database Lockouts . | . . . . Manual 3 | . . 3 . Terminals 25 | . 1 13 11 Fabricators . | . . . . Repair Stations 3 | . 3 . . Recycling Units 8 | . 2 3 3 Scanalyzers 4 | . . 4 . Garrison Access . | . . . . Terminal Hacks 18 | . . 11 7 Record 6 | . . 5 1 Robot Analysis 1 | . . . 1 Prototype ID Bank 2 | . . 1 1 Open Door 1 | . . . 1 Alert Level 5 | . . 2 3 Locate Traps 1 | . . 1 . Dispatch Records 1 | . . 1 . Zone Layout 1 | . . 1 . Fabricator Hacks . | . . . . Repair Station Hacks 2 | . 2 . . Scan Component 1 | . 1 . . Repair 1 | . 1 . . Recycling Unit Hacks 3 | . . 1 2 Report Inventory 2 | . . 1 1 Retrieve Components 1 | . . . 1 Scanalyzer 3 | . . 3 . Insert Component 1 | . . 1 . Analyze 1 | . . 1 . Retrieve Study 1 | . . 1 . Garrison Access Hacks . | . . . . Unauthorized Hacks . | . . . . Terminals . | . . . . Fabricators . | . . . . Repair Stations . | . . . . Recycling Units . | . . . . Scanalyzers . | . . . . Garrison Access . | . . . . Data Cores Recovered . | . . . . Used . | . . . . Hacking Detections 8 | . 2 3 3 Full Trace Events 4 | . . 3 1 Feedback Events . | . . . . Feedback Blocked . | . . . . Robot Schematics Acquired . | . . . . Robots Built . | . . . . Authchips . | . . . . Time . | . . . . Total Robot Build Rating . | . . . . Part Schematics Acquired 1 | . . 1 . Parts Built . | . . . . Authchips . | . . . . Time . | . . . . Total Part Build Rating . | . . . . Part Studies Acquired 1 | . . 1 . Parts Repaired 1 | . 1 . . Time 53 | . 53 . . Parts Recycled . | . . . . Recycled Matter . | . . . . Retrieved Matter . | . . . . Retrieved Components 1 | . . . 1 Parts Scanalyzed 1 | . . 1 . Part Schematics Acquired 1 | . . 1 . Parts Damaged . | . . . . Bothacking | -11 -10 -9 -9 ------------ Run | Yrd Mat Mat Sto Used RIF Installer . | . . . . Robots Hacked . | . . . . Non-combat . | . . . . Combat . | . . . . Robot Hacks Applied . | . . . . Relay Couplers Released . | . . . . Fabnet Peak Effective % . | . . . . Robots Rewired . | . . . . Allies Hacked . | . . . . Hacks Repelled . | . . . . Allies | -11 -10 -9 -9 -------- Run | Yrd Mat Mat Sto Total Allies 10 | . . . 10 Largest Group 10 | . . . 10 Highest-Rated Group 88 | . . . 88 Highest-Rated Ally 16 | . . . 16 Total Orders 14 | . . . 14 EXPLORE 12 | . . . 12 RETURN 2 | . . . 2 Ally Attacks 73 | . . . 73 Total Damage 683 | . . . 683 Kills 7 | . . . 7 Allies Corrupted . | . . . . Allies Melted . | . . . . Intel | -11 -10 -9 -9 ------- Run | Yrd Mat Mat Sto Active Infowar (turns) 1341 | . 512 520 309 Optics 32 | . 32 . . Structural 316 | . 316 . . ECM 993 | . 164 520 309 Robot Analysis Total 1 | . . . 1 Derelict Logs Recovered . | . . . . Drone Launches 12 | . . . 12 Drone Recoveries 2 | . . . 2 Exploration | -11 -10 -9 -9 ------------- Run | Yrd Mat Mat Sto Turns Passed 1813 | 91 616 525 581 Spaces Moved 924 | 78 355 290 201 Core 44 | 33 . 2 9 Treads 127 | . . . 127 Legs 753 | 45 355 288 65 Wheels . | . . . . Hover . | . . . . Flight . | . . . . Fastest Speed 50 | 50 120 120 50 Average Speed 138 | 90 120 121 211 Slowest Speed 300 | 120 120 300 300 Overloaded Moves . | . . . . Propulsion Burnouts . | . . . . Robots Hopped . | . . . . Potential Cave-ins . | . . . . Cave-ins Triggered . | . . . . Exploration Rate (%) 33 | 5 37 30 62 Regions Visited 3 Branch Regions 1 Pre-discovered Areas . | . . . . Known Exits Taken . | . . . . Unknown Exits Taken 3 | 1 1 1 . Scrap Searched . | . . . . Spaces Dug . | . . . . Terrain Destroyed . | . . . . Melee . | . . . . Projectile . | . . . . AOE . | . . . . Terrain Rammed . | . . . . Walls Destroyed . | . . . . Machines Disabled . | . . . . Actions | -11 -10 -9 -9 --------- Run | Yrd Mat Mat Sto Total 1266 | 93 496 382 295 Wait 85 | . 56 9 20 Move 921 | 77 354 289 201 Hop . | . . . . Pick Up 46 | 6 19 13 8 Fast Attach 8 | . . 3 5 Attach 38 | 6 18 9 5 Detach 12 | 1 8 2 1 Swap . | . . . . Drop 29 | . 11 12 6 Fire 116 | 3 29 43 41 Melee . | . . . . Ram . | . . . . Kick 4 | . 1 2 1 Crush 1 | . . . 1 Escape Stasis . | . . . . Rewire 1 | . . . 1 Trap . | . . . . Miscellaneous 5 | . . . 5 Route ------- -11/Scrapyard -10/Materials -9/Materials (discovered 2 exits: [*Min] / *Sto) -9/Storage History --------- Turn | Location | Event 2 | -11/Scrapyard | Met Revision 17 75 | -11/Scrapyard | Discovered new exit (range 8) 92 | -11/Scrapyard | Entered Materials 318 | -10/Materials | Build established: Mutant 603 | -10/Materials | Repaired Broken Imp. Heat Sink 682 | -10/Materials | Discovered new exit (range 9) 708 | -10/Materials | Entered another Materials area 708 | -9/Materials | Evolved 2 slots: Propulsion x2 996 | -9/Materials | Destroyed 7 combat bots 1139 | -9/Materials | Discovered new exit (range 13) 1171 | -9/Materials | Discovered new exit (range 15) 1233 | -9/Materials | Entered Storage 1266 | -9/Storage | Build established: Scavenger-Mutant 1415 | -9/Storage | Lost 3 parts (1n1u1w) 1426 | -9/Storage | Assisted by bots powering up and referring to "LRC-V3" 1639 | -9/Storage | Garrison activated, responded to threat 1706 | -9/Storage | Lost 10 allies 1776 | -9/Storage | Core integrity fell below 50% 1794 | -9/Storage | Core integrity fell below 20% 1814 | -9/Storage | Destroyed by L-31 Rogue with Katana Last Messages --------------- 01784_ Broken Particle Gun destroyed. 01784_ Identified Imp. Assault Rifle. 01784_ Faulty integration triggers meltdown. 01784_ Aluminum Leg damaged (-8). 01785_ Power failure, Rnf. Ion Engine shutdown. 01785_ Rnf. Ion Engine destroyed. 01786_ Beam Rifle+ destroyed. 01790_ Drone Bay destroyed. 01792_ System corrupted: Matter fused (-6). 01793_ Overheating: Imp. Assault Rifle damaged (-52). 01793_ Critical hit (Burn: +37). 01793_ Aluminum Leg destroyed. 01796_ Heat Sink melted. 01796_ Y-45 Defender destroyed. 01799_ Acquired 80 matter. 01800_ Acquired Lgt. Treads. 01803_ Acquired Imp. Ion Engine. 01805_ G-34 Mercenary destroyed. 01810_ Imp. Assault Rifle severed. 01812_ Acquired Imp. Assault Rifle. Map ----- +----------------------------------------------------+ | ????????????# #?????????????????????????????? | | ????????????# #?????????????????????????????? | | ????????????# #####????????????????"""??????? | | ????????????# # #???????????????? #??????? | | ??########### + #???????????????T #??????? | | ??# # # #???????????????# #??????? | | ??# """" + # #???????????????# #??????? | | ??# ""??" # # #???????????????+ /??????? | | ??# "????" # # #???????????????# #??????? | | ??# "???"" # # #???????????????#% #??????? | | ??# "??"" # # #???????????????# #??????? | | ??# """" # # #????############ #??????? | | ??# ######## ##???# ##% #??????? | | #######+########### #???# % ## #??????? | | #??## ## ##????#? | | #??#" # #### #? | | #??#T """ """ + #? | | ###### #??#" """ """ # T #? | | # !=!%##########*""" """ # ######? | | + % %*%[*[!%%g%[%!/%[ #### #?????? | | # #################g##############??# #???### | | # #?# #???#*#??????????????## ##### | | ###### #?# """ """ #####[################ # | | ###### ### """ """ ## %*%%[ # | | # """ """ ## *[=l= + | | + """ """ ## =@ ##T | | # """ """ #######+############## #### | | ######## # ???# T#?????????### ######## | | ???????# # #???## ###?????????# % | | ?????###+###########???#![ #??????????# | | ?????# ###???#! !#??????????# | | ?????# ""#???#! !#??????????########### | | ?????# T"#???#! !#????????????????????# | | ?????# """ """ ""#???#####????????????????????# | | ?????# """ """ ###????????????????????????????# | | ?????# """ """ ##?????????????????????????????# | | ###### #?????????????????????????????# | | #####/############?????????????????????????# | | % %% %% [= #??????????????????????# | | % *%[ #??????????????????????# | | ! #??????????????######??# | | ################# #??????????????#]]] #### | | ###+##??????????????????????????????????#]]] #T## | | ??# #??????????????????????????????????# " # | | ??" #??????????????????????????????????#]] # | | ??" #??????????????????????????????????#]] " # | | ??#T##??????????????????????????????????#]] #%]+ | | ??###???????????????????????????????????######### | | ??????????????????????????????????????########### | | ??????????????????????????????????????# # | +----------------------------------------------------+ Best States ------------- Heat Dissipation 42 Energy Generation 12 Energy Capacity 265 Matter Stores 364 Matter Capacity 500 Sight Range 18 Terrain Scan Density 10 ECM Strength 1 Armor Coverage 225 Evasion (%) 55 Recoil Reduction 1 Item Schematics ----------------- Huge Storage Unit | -9/Materials | Scanalyzed Robot Schematics ------------------ None Fabricated ------------ Nothing Repaired ---------- Imp. Heat Sink | 87% | -10/Materials | Broken Studied --------- Beam Rifle | -9/Materials | Hacked Alien Tech Used ----------------- None Achievements -------------- For Emergencies Only Item+ Novice Programmer Plot Armor Release The Drones! Spot Them First There's More Where That Came From Well Done Challenges ------------ None Game ------ Seed PhaseFieldthrustMediator Manual? 0 Play Time 01:01:02 Cumulative 1.7 hours Start 2026.02.14 @ 18:32:02 End 2026.02.14 @ 22:04:24 Sessions 3 Manual Loads 0 Difficulty Rogue Special Mode None Game No. 6 Rogue 6 Adventurer 0 Explorer 0 Win Type - Total 0 Types 0/0/0/0/0/0/0/0/0/0 Lore% 3 Gallery% 4 Achievement% 13 Wizard Run 0 Options --------- Layout 0 ASCII 0 Keyboard 1 Movement Numpad Keybinds 0 Fullscreen 2 Font 24/Smallcaps Map View 76x50 Zoom Use 0% Tactical HUD 1 Map Filters NONE Filters NONE Steam 1 RUN: 3354511b-ddf7-441d-b230-7ac169136640